 Dungeon Crawl Stone Soup version 0.30.1-11-g7821555f0a (webtiles) character file.

Game seed: 9061475820131930817

8393 monsoonserge the Skirmisher (level 11, 0/58 HPs)
             Began as a Spriggan Hunter on Nov 5, 2023.
             Was an Elder of Okawaru.
             Slain by a cyclops (25 damage)
             ... on level 8 of the Dungeon.
             The game lasted 00:25:43 (6773 turns).

monsoonserge the Skirmisher (Spriggan Hunter)       Turns: 6773, Time: 00:25:45

Health: 0/58       AC:  5    Str:  7    XL:     11   Next: 9%
Magic:  13/13      EV: 24    Int: 11    God:    Okawaru [****..]
Gold:   494        SH:  5    Dex: 23    Spells: 10/10 levels left

rFire   + . .        F - +4 hand crossbow (heavy)
rCold   . . .        (no shield)
rNeg    . . .        s - +0 steam dragon scales
rPois   .            (helmet restricted)
rElec   .            (no cloak)
rCorr   .            (gloves unavailable)
SInv    +            (boots unavailable)
Will    ++...        k - amulet of reflection
Stlth   +++          A - ring of willpower
HPRegen 0.29/turn    c - ring of protection from fire
MPRegen 0.13/turn

%: reflection
@: very quick
A: very small, no large weapons, unfitting armour, see invisible, speed 3
a: Renounce Religion, Heroism, Finesse


You were on level 8 of the Dungeon.
You worshipped Okawaru.
Okawaru was greatly pleased with you.
You visited 2 branches of the dungeon, and saw 9 of its levels.
You also visited: Sewer and Ossuary.

You collected 494 gold pieces.

Inventory:

Hand Weapons
 F - a +4 heavy hand crossbow (weapon)
 J - the +10 short sword "Egiqimuxt" {antimagic, rPois rC- Dex+2}
   (You found it on level 8 of the Dungeon)

   Dex:       It affects your dexterity (+2).
   rC:        It makes you vulnerable to cold.
   rPois:     It protects you from poison.
Missiles
 e - 30 poisoned darts
 j - 4 curare-tipped darts
 u - a throwing net
 G - 2 atropa-tipped darts
 I - 18 silver boomerangs
Armour
 i - a +0 troll leather armour
 s - +0 steam dragon scales (worn)
Jewellery
 c - a ring of protection from fire (right hand)
 g - a +6 ring of strength
 k - an amulet of reflection (around neck)
 p - a +6 ring of strength
 r - a ring of magical power
 y - a ring of flight
 A - a ring of willpower (left hand)
Scrolls
 a - a scroll of blinking
 b - 2 scrolls of immolation
 f - 6 scrolls of teleportation {unknown}
 h - a scroll of fog
 m - a scroll of butterflies
 n - 3 scrolls of noise {unknown}
 o - a scroll of silence
 t - a scroll of magic mapping {unknown}
 v - 2 scrolls of poison {unknown}
 w - a scroll of fear {unknown}
 D - 2 scrolls of vulnerability {unknown}
 H - 3 scrolls of amnesia
Potions
 d - a potion of mutation {unknown}
 l - 2 potions of cancellation
 q - 5 potions of heal wounds
 x - a potion of invisibility {unknown}
 z - 2 potions of curing
 B - a potion of haste {unknown}
 C - 5 potions of flight {unknown}
 E - a potion of magic


   Skills:
 + Level 6.6 Fighting
 + Level 14.1 Ranged Weapons
 - Level 1.6 Armour
 + Level 7.5 Dodging
 + Level 5.3 Stealth
 + Level 2.2 Invocations


You had 10 spell levels left.
You didn't know any spells.
Your spell library contained the following spells:

 Spells                   Type           Power      Damage    Failure   Level
 Frozen Ramparts          Ice            0%         1d1       71%         3
 Ice Form                 Ice/Tmut       0%         N/A       98%         4
 Summon Ice Beast         Ice/Summ       Unusable   N/A       N/A         4

Dungeon Overview and Level Annotations

Branches:
Dungeon (8/15)             Temple (1/1) D:6           Sewer (visited)
Ossuary (visited)
   Lair: D:8-11

Altars:
Ashenzari
Cheibriados
Dithmenos
Elyvilon
Fedhas
Gozag
Hepliaklqana
Makhleb
Nemelex Xobeh
Okawaru
Qazlal
Sif Muna
Trog
Uskayaw
Vehumet
Wu Jian
Xom
Zin
The Shining One


Innate Abilities, Weirdness & Mutations

You are very small and have problems with some larger weapons.
You are too small for most types of armour.
You have supernaturally acute eyesight. (SInv)
You cover ground extremely quickly. (Speed+++)


Message History

The manticore misses you. The manticore claws you.
Your Ranged Weapons skill increases to level 14!
Fire: F) +4 hand crossbow (heavy)
Press: ? - help, Q - select action, (/) - cycle Shift-Dir - straight line, f - manticore
Aim: a manticore (82% to hit)
You shoot a bolt. The bolt hits the manticore!
The manticore is moderately wounded.
The manticore completely misses you.
The manticore claws you but does no damage.
The manticore misses you. The cyclops closely misses you.
You block the manticore's attack. x3
Fire: F) +4 hand crossbow (heavy)
Press: ? - help, Q - select action, (/) - cycle Shift-Dir - straight line, f/p - manticore
Aim: a manticore (moderately wounded, 82% to hit)
You shoot a bolt. The bolt hits the manticore.
The manticore is heavily wounded.
The manticore misses you. x2; The manticore closely misses you.
You block the cyclops's attack. The manticore closely misses you.
The manticore claws you. The manticore completely misses you.
Fire: F) +4 hand crossbow (heavy)
Press: ? - help, Q - select action, (/) - cycle Shift-Dir - straight line, f/p - manticore
Aim: a manticore (moderately wounded, 82% to hit)
You shoot a bolt. The bolt barely misses the manticore.
The cyclops misses you. You block the manticore's attack.
The manticore claws you! The manticore completely misses you.
The cyclops misses you.
Fire: F) +4 hand crossbow (heavy)
Press: ? - help, Q - select action, (/) - cycle Shift-Dir - straight line, f/p - manticore
Aim: a manticore (moderately wounded, 82% to hit)
You shoot a bolt. The bolt hits the manticore!!!
You kill the manticore!
Okawaru accepts your kill.
You can now speed up your combat.
The cyclops hits you!
Fire: F) +4 hand crossbow (heavy)
Press: ? - help, Q - select action, (/) - cycle Shift-Dir - straight line, f - cyclops
Aim: a cyclops, quivering large rocks (moderately wounded, 90% to hit)
You shoot a bolt. The bolt hits the cyclops!
The cyclops is heavily wounded.
The cyclops hits you!!
You die...

...... ..#.)##...##..#
...... #.._..# .##
#.8.#.# .# #....##
.##### ###.## .#...
##...## # .#.#
#.#.#.##).##.##.
...#..#
#.....)†##.)....
####..###.#.#.##@C##.#
...#..... #.##...## #
##.#...# .. ##.##
.#.#...# ..# .#
...#...#..# ..
##.......# ###
##.....#.# .......#
.......#


You could see a cyclops.

Vanquished Creatures
  2 two-headed ogres (D:8)
  A deep elf pyromancer (D:6)
  A manticore (D:8)
  Maggie (D:8)
  2 trolls
  2 hornets
  Grinder (D:5)
  Prince Ribbit (D:8)
  A wraith (Ossuary)
  Sigmund (D:6)
  A yak (D:8)
  2 wyverns (D:8)
  2 steam dragons
  A vampire mosquito (D:8)
  2 water moccasins
  Edmund (D:5)
  An ice beast (D:6)
  An orc warrior (D:6)
  3 black bears
  2 ogres (D:4)
  3 centaurs
  4 phantoms
  5 kobold brigands (D:8)
  5 bullfrogs
  2 scorpions
  5 wights (D:8)
  8 hounds
  6 orc priests
  3 iron imps (D:5)
  A sleepcap (D:8)
  2 gnoll boudas
  3 iguanas
  7 orc wizards
  A mummy (Ossuary)
  Robin (D:2)
  12 gnolls
  15 adders
  2 shadow imps
  A white imp (D:6)
  2 ufetubi
  6 worms
  2 dart slugs (D:4)
  24 orcs
  14 ball pythons
  12 endoplasms
  11 giant cockroaches
  14 goblins
  12 hobgoblins
  15 quokkas
  5 bats
  13 frilled lizards
  9 gnoll skeletons (Ossuary)
  20 kobolds
  4 kobold skeletons (Ossuary)
  12 orc skeletons (Ossuary)
  6 rats
296 creatures vanquished.

Vanquished Creatures (others)
  An orc priest (D:8)
1 creature vanquished.

Grand Total: 297 creatures vanquished

Notes
Turn   | Place    | Note
-------+----------+-------------------------------------------
     0 | D:1      | monsoonserge the Spriggan Hunter began the quest for the
                  | Orb.
     0 | D:1      | Reached XP level 1. HP: 10/10 MP: 2/2
    82 | D:1      | Reached XP level 2. HP: 14/14 MP: 3/3
   376 | D:1      | Reached XP level 3. HP: 18/18 MP: 4/4
   608 | D:2      | Reached skill level 5 in Ranged Weapons
   864 | D:2      | Reached XP level 4. HP: 14/23 MP: 5/5
   893 | D:2      | Noticed Robin
  1020 | D:2      | Killed Robin
  1174 | D:3      | Found a faded altar of an unknown god.
  1313 | D:3      | Reached XP level 5. HP: 24/26 MP: 6/6
  1467 | D:3      | Reached skill level 6 in Ranged Weapons
  2057 | D:3      | Reached XP level 6. HP: 32/32 MP: 7/7
  2254 | D:4      | Reached skill level 7 in Ranged Weapons
  2498 | D:4      | Reached XP level 7. HP: 36/36 MP: 8/8
  2707 | D:5      | Entered Level 5 of the Dungeon
  2728 | D:5      | Noticed Grinder
  2735 | D:5      | Killed Grinder
  2736 | D:5      | Reached skill level 8 in Ranged Weapons
  2883 | D:5      | Reached XP level 8. HP: 42/42 MP: 9/9
  2907 | D:5      | Found a white marble altar of Elyvilon.
  2945 | D:5      | Reached skill level 9 in Ranged Weapons
  3060 | D:5      | You fall into a shaft and drop 3 floors!
  3141 | D:8      | Reached skill level 5 in Dodging
  3216 | D:7      | HP: 2/42 [centaur/arrow (11)]
  3373 | D:7      | Reached skill level 10 in Ranged Weapons
  3391 | D:7      | Noticed a troll
  3448 | D:7      | Found a sand-covered staircase.
  3458 | Ossuary  | Entered an ossuary
  3952 | D:7      | Killed a troll
  3953 | D:7      | Reached XP level 9. HP: 35/46 MP: 10/10
  4539 | D:6      | Found a radiant altar of Vehumet.
  4569 | D:6      | Identified the +2 leather armour of Xestro {Str+2}
  4576 | D:6      | Noticed a deep elf pyromancer
  4586 | D:6      | Killed a deep elf pyromancer
  4587 | D:6      | Reached skill level 5 in Fighting
  4587 | D:6      | Reached skill level 11 in Ranged Weapons
  4653 | D:6      | Noticed Sigmund
  4659 | D:6      | Killed Sigmund
  4789 | D:6      | Found a staircase to the Ecumenical Temple.
  4802 | D:6      | Identified a scroll of acquirement
  4819 | Temple   | Entered the Ecumenical Temple
  4954 | Temple   | Became a worshipper of Warmaster Okawaru
  4956 | Temple   | Acquired a +3 heavy hand crossbow
  5006 | D:6      | Reached skill level 1 in Armour
  5050 | D:6      | Found a glowing drain.
  5067 | Sewer    | Entered a sewer
  5264 | Sewer    | Reached skill level 12 in Ranged Weapons
  5449 | D:5      | Noticed Edmund
  5453 | D:5      | Killed Edmund
  5453 | D:5      | Reached * piety under Okawaru
  5454 | D:5      | Reached skill level 1 in Invocations
  5461 | D:5      | Found a burning altar of Makhleb.
  5519 | D:5      | Found a hide-covered altar of Uskayaw.
  5519 | D:5      | Noticed a +0 dagger
  5519 | D:5      | Noticed a +0 spear
  5519 | D:5      | Noticed a +0 short sword
  5520 | D:5      | Noticed a +0 falchion
  5521 | D:5      | Noticed a +0 dagger
  5522 | D:5      | Noticed a +0 falchion
  5523 | D:5      | Noticed a +0 spear
  5523 | D:5      | Noticed a +0 short sword
  5735 | D:6      | Reached XP level 10. HP: 51/51 MP: 12/12
  5830 | D:6      | Found a sparkling altar of Nemelex Xobeh.
  6084 | D:8      | Noticed Maggie
  6098 | D:8      | Killed Maggie
  6408 | D:7      | Reached ** piety under Okawaru
  6440 | D:8      | Found an ornate altar of the Wu Jian Council.
  6446 | D:8      | Found a blossoming altar of Fedhas.
  6521 | D:8      | Reached skill level 13 in Ranged Weapons
  6530 | D:8      | Identified the +10 short sword "Egiqimuxt" {antimagic,
                  | rPois rC- Dex+2}
  6613 | D:8      | Reached skill level 5 in Stealth
  6629 | D:8      | Noticed a two-headed ogre
  6639 | D:8      | Killed a two-headed ogre
  6639 | D:8      | Reached *** piety under Okawaru
  6733 | D:8      | Noticed Prince Ribbit
  6734 | D:8      | Killed Prince Ribbit
  6742 | D:8      | Found a glowing silver altar of Zin.
  6756 | D:8      | Noticed a two-headed ogre
  6758 | D:8      | Killed a two-headed ogre
  6759 | D:8      | Reached XP level 11. HP: 58/58 MP: 13/13
  6769 | D:8      | Reached skill level 14 in Ranged Weapons
  6772 | D:8      | Reached **** piety under Okawaru
  6773 | D:8      | Slain by a cyclops

Illustrated notes

Levels and vault maps discovered:
D:1:      dpeg_arrival_rooms_a, layout_rooms
D:2:      layout_rooms, grunt_ministairs_14, uniq_robin
D:3:      minmay_spotlight, layout_loops_ring, basic_ecumenical_altar
D:4:      layout_loops_cross
D:5:      layout_rooms, demons_altar, nicolae_uskayaw_en_pointe,
          mainiacjoe_overflow_alcove_1, minmay_bent, uniq_edmund, uniq_grinder
D:6:      layout_rooms, nicolae_vehumet_altar_sigil, kennysheep_mini_moat,
          minmay_temple_entry_sparse_star, cheibrodos_sewer_entry_bend,
          guppyfry_early_elven_hall, uniq_sigmund
D:7:      nicolae_cairo_tiling_large_dashed, layout_basic, enter_ossuary_3
D:8:      minmay_the_grid_octo_tiled_octocenter [minmay_the_grid_octo_focus,
          minmay_the_grid_octo_toaster, minmay_the_grid_octo_vomiting_pacman,
          minmay_the_grid_octo_pinwheel,
          minmay_the_grid_octo_prize_square_snowflake,
          minmay_the_grid_square_5x5_percent, minmay_the_grid_square_5x5_v,
          minmay_the_grid_square_5x5_trominoes,
          minmay_the_grid_square_5x5_pentomino_r], layout_basic, fedhas_altar_2,
          general_overflow_altar, minmay_unpleasant_kobolds, uniq_maggie,
          uniq_prince_ribbit1
Temple:   oiseaux_autumnal_temple

Skill      XL: |  1  2  3  4  5  6  7  8  9 10 11 |
---------------+----------------------------------+-----
Ranged Weapons | 5 6 7 8 10 12 13 14 | 14.1
Dodging        | 3 4 5 6 7 |  7.5
Fighting       | 2 3 4 5 6 |  6.6
Stealth        | 2 3 4 5 |  5.3
Armour         | 1 |  1.6
Invocations    | 1 2 |  2.2

Action                     |  1- 3 |  4- 6 |  7- 9 | 10-12 || total
---------------------------+-------+-------+-------+-------++-------
   Fire: Shortbow          |    96 |   102 |       |       ||   198
         Sling             |       |    68 |   256 |       ||   324
         Hand crossbow     |       |       |    80 |   111 ||   191
    Use: Scroll            |       |       |    13 |       ||    13
 Armour: Robe              |     1 |     5 |     5 |       ||    11
         Troll leather arm |       |       |     2 |       ||     2
         Steam dragon scal |       |       |       |     7 ||     7
  Dodge: Dodged            |    12 |    53 |   139 |    82 ||   286
  Block: Other             |       |    13 |    37 |    19 ||    69
         Reflection        |       |     1 |       |       ||     1
